[Event "2nd German Women BLS 2024-25"]
[Site "Germany"]
[Date "2025.01.26"]
[Round "4.1"]
[White "Schmidt, Jessica"]
[Black "Arnhold, Steffi"]
[Result "0-1"]
[Annotator "NA RC"]
[ECO "D31"]
[WhiteElo "2210"]
[BlackElo "2152"]
[PlyCount "84"]
[EventDate "2025.01.22"]
[EventType "team-tourn"]
[EventCountry "GER"]
[SourceTitle "playchess.com"]
[Source "ChessBase"]
[SourceQuality "1"]
[TimeControl "40/5400+30:1800+30"]

1. d4 d5 2. c4 e6 3. Nc3 c6 4. e4 dxe4 5. Nxe4 Bb4+ 6. Bd2 Qxd4 7. Bxb4 Qxe4+ 8. Be2 Na6 9. Ba5 Bd7 10. Qd6 b6 11. O-O-O Rd8 12. Bc3 Nf6 13. Rd2 Qxg2 14. Bf3 Qf1+ 15. Kc2 Qxc4 16. Ne2 Ne4 17. Bxe4 Qxe4+ 18. Qd3 Nc5 19. Qxe4 Nxe4 20. Rd4 Nxc3 21. bxc3 c5 22. Rg4 Bc6 23. Re1 Ke7 24. Ng3 g6 25. h4 h5 26. Rf4 f5 27. Nf1 Be4+ 28. Kb3 e5 29. Rfxe4 fxe4 30. Rxe4 Kf6 31. Ne3 Rd2 32. f4 exf4 33. Rxf4+ Kg7 34. Re4 Rf8 35. Nc4 Rd7 36. Re6 Rf6 37. Re8 b5 38. Ne5 Rc7 39. c4 bxc4+ 40. Kxc4 Rf4+ 41. Kd5 Rd4+ 42. Ke6 c4 0-1

[Event "2nd German Women BLS 2024-25"]
[Site "Germany"]
[Date "2025.01.26"]
[Round "4.2"]
[White "Bardorz, Jana"]
[Black "Doll, Rebecca"]
[Result "1/2-1/2"]
[Annotator "NA RC"]
[ECO "C47"]
[WhiteElo "2070"]
[BlackElo "1987"]
[PlyCount "172"]
[EventDate "2025.01.22"]
[EventType "team-tourn"]
[EventCountry "GER"]
[SourceTitle "playchess.com"]
[Source "ChessBase"]
[SourceQuality "1"]
[TimeControl "40/5400+30:1800+30"]

1. e4 e5 2. Nf3 Nc6 3. d4 exd4 4. Nxd4 Nf6 5. Nc3 Bb4 6. Nxc6 bxc6 7. Bd3 d5 8. exd5 cxd5 9. O-O O-O 10. h3 c6 11. Qf3 Bd6 12. Ne2 Nd7 13. Bf4 Bxf4 14. Nxf4 Qf6 15. b3 a5 16. Rfe1 Bb7 17. Rad1 Rfe8 18. Re3 Re5 19. Rde1 Rae8 20. Qg3 g6 21. a4 Kh8 22. h4 R5e7 23. h5 Nf8 24. hxg6 hxg6 25. Rxe7 Rxe7 26. Rxe7 Qxe7 27. Nh3 Ne6 28. Qe5+ Kg8 29. Nf4 Bc8 30. c4 Qc7 31. Qxc7 Nxc7 32. cxd5 cxd5 33. Ne2 Kf8 34. Nd4 Bd7 35. Kf1 Ke7 36. Ke2 Kd6 37. Kd2 Kc5 38. Kc3 Be8 39. Nf3 Ne6 40. g3 Kd6 41. Bc2 Nc5 42. b4 Nxa4+ 43. Bxa4 Bxa4 44. bxa5 Bd1 45. Ne1 Be2 46. Kd4 Bg4 47. Nd3 Bf5 48. a6 Kc7 49. Nf4 Kb6 50. Nxd5+ Kxa6 51. Ke5 Kb7 52. Kf6 Be6 53. Ne7 Bb3 54. Ng8 Kc6 55. Nh6 Kd5 56. Nxf7 Ke4 57. Ng5+ Kd3 58. Kxg6 Ke2 59. f3 Kf2 60. g4 Kg3 61. Kf5 Bc2+ 62. Ke5 Bb1 63. f4 Kxg4 64. Ne4 Kh5 65. f5 Ba2 66. Nc3 Bf7 67. Kf6 Bc4 68. Ke7 Kg5 69. f6 Kg6 70. Ne4 Ba2 71. Nc5 Bf7 72. Ne6 Bg8 73. Nf4+ Kf5 74. Nh5 Kg6 75. Ng7 Bf7 76. Nf5 Bg8 77. Nh4+ Kg5 78. Nf3+ Kg6 79. Ne5+ Kf5 80. Nd7 Kg6 81. Kf8 Be6 82. Ke7 Bg8 83. Kf8 Be6 84. Ke8 Bxd7+ 85. Ke7 Be8 86. Kxe8 Kxf6 1/2-1/2

[Event "2nd German Women BLS 2024-25"]
[Site "Germany"]
[Date "2025.01.26"]
[Round "4.3"]
[White "Haug, Mara"]
[Black "Leuchsenring, Christina"]
[Result "1-0"]
[Annotator "NA RC"]
[ECO "B33"]
[WhiteElo "1948"]
[BlackElo "1905"]
[PlyCount "89"]
[EventDate "2025.01.22"]
[EventType "team-tourn"]
[EventCountry "GER"]
[SourceTitle "playchess.com"]
[Source "ChessBase"]
[SourceQuality "1"]
[TimeControl "40/5400+30:1800+30"]

1. e4 c5 2. Nf3 Nc6 3. d4 cxd4 4. Nxd4 Nf6 5. Nc3 e5 6. Ndb5 d6 7. Bg5 a6 8. Na3 b5 9. Bxf6 gxf6 10. Nd5 f5 11. c3 Bg7 12. exf5 Bxf5 13. Nc2 O-O 14. Nce3 Be6 15. Bd3 f5 16. O-O e4 17. Bc2 Ne5 18. Qh5 Bf7 19. Qh3 Qg5 20. Qxf5 Nf3+ 21. Kh1 Qh4 22. Qf4 Qxf4 23. Nxf4 Nd2 24. Rfd1 Nc4 25. Nxc4 Bxc4 26. g3 Rae8 27. Kg1 Be5 28. Nd5 Bg7 29. Bb3 Re5 30. Ne3 d5 31. Nxd5 Kh8 32. Bxc4 bxc4 33. Ne3 Rc5 34. Rd6 Rf6 35. Rad1 a5 36. R1d5 Rxd6 37. Rxc5 Kg8 38. Nxc4 Rd1+ 39. Kg2 a4 40. Ra5 Bh6 41. Re5 Re1 42. Nd6 Re2 43. Rxe4 Rxb2 44. Rxa4 Bf8 45. Ne4 1-0

[Event "2nd German Women BLS 2024-25"]
[Site "Germany"]
[Date "2025.01.26"]
[Round "4.4"]
[White "Prinzen, Siri Marleen"]
[Black "Scheynin, Julia"]
[Result "0-1"]
[Annotator "NA RC"]
[ECO "C07"]
[WhiteElo "1819"]
[BlackElo "1965"]
[PlyCount "92"]
[EventDate "2025.01.22"]
[EventType "team-tourn"]
[EventCountry "GER"]
[SourceTitle "playchess.com"]
[Source "ChessBase"]
[SourceQuality "1"]
[TimeControl "40/5400+30:1800+30"]

1. e4 e6 2. d4 d5 3. Nd2 c5 4. Bb5+ Bd7 5. Bxd7+ Qxd7 6. exd5 Qxd5 7. Qf3 Nf6 8. Ne2 Nc6 9. Qxd5 Nxd5 10. dxc5 Bxc5 11. Ne4 Be7 12. O-O O-O 13. Bg5 f6 14. Bd2 Rfd8 15. Rfd1 e5 16. c4 Ndb4 17. N2c3 a5 18. Be3 f5 19. Nd2 Nc2 20. Rac1 Nxe3 21. fxe3 Nb4 22. Nf1 Nd3 23. Rc2 Bc5 24. Nd5 e4 25. Ng3 g6 26. Ne2 Kf7 27. a3 Rac8 28. Kf1 b5 29. Nef4 bxc4 30. Rdd2 Nxf4 31. exf4 Ba7 32. Ke2 Ke6 33. Nc7+ Ke7 34. Nd5+ Kf7 35. Nc3 Rd3 36. Nb5 Bb8 37. g3 Rcd8 38. Ke1 e3 39. Rg2 h6 40. Nc3 g5 41. fxg5 hxg5 42. Rg1 Be5 43. Rf1 f4 44. Ne4 Kg6 45. g4 R8d4 46. Nc3 Rd2 0-1

[Event "2nd German Women BLS 2024-25"]
[Site "Germany"]
[Date "2025.01.26"]
[Round "4.5"]
[White "Basovskiy, Jana"]
[Black "Oberhofer, Marie"]
[Result "1/2-1/2"]
[Annotator "NA RC"]
[ECO "B52"]
[WhiteElo "1910"]
[BlackElo "1882"]
[PlyCount "66"]
[EventDate "2025.01.22"]
[EventType "team-tourn"]
[EventCountry "GER"]
[SourceTitle "playchess.com"]
[Source "ChessBase"]
[SourceQuality "1"]
[TimeControl "40/5400+30:1800+30"]

1. e4 c5 2. Nf3 d6 3. Bb5+ Bd7 4. Bxd7+ Qxd7 5. O-O Nc6 6. c3 g6 7. d4 cxd4 8. cxd4 Bg7 9. Nc3 e6 10. Be3 Nge7 11. Rc1 O-O 12. Qd2 Rfc8 13. Rfd1 a6 14. Na4 Qd8 15. d5 Ne5 16. Nxe5 Bxe5 17. dxe6 fxe6 18. Nb6 Rxc1 19. Rxc1 Rb8 20. Nc4 Nc6 21. Nxe5 Nxe5 22. Bg5 Qd7 23. Rd1 Nf7 24. Bf4 Rc8 25. h4 e5 26. Bg3 Qg4 27. Re1 Rc6 28. b3 h5 29. Kh2 Qc8 30. Re2 Kg7 31. f3 Qe6 32. Bf2 Qc8 33. Bg3 Qe6 1/2-1/2

[Event "2nd German Women BLS 2024-25"]
[Site "Germany"]
[Date "2025.01.26"]
[Round "4.6"]
[White "Wetzler, Sophia"]
[Black "Juszczak, Anna"]
[Result "1-0"]
[Annotator "NA RC"]
[ECO "C02"]
[WhiteElo "1823"]
[BlackElo "1898"]
[PlyCount "91"]
[EventDate "2025.01.22"]
[EventType "team-tourn"]
[EventCountry "GER"]
[SourceTitle "playchess.com"]
[Source "ChessBase"]
[SourceQuality "1"]
[TimeControl "40/5400+30:1800+30"]

1. e4 e6 2. d4 d5 3. e5 c5 4. c3 Nc6 5. Nf3 Qb6 6. Be2 cxd4 7. cxd4 Nge7 8. Nc3 Nf5 9. Bb5 Bb4 10. Bxc6+ Qxc6 11. Bd2 Qc4 12. Ne2 Bd7 13. b3 Bxd2+ 14. Qxd2 Qa6 15. O-O Bb5 16. Rfe1 O-O 17. Nf4 h6 18. Qb4 Rfe8 19. Rac1 Bc6 20. Qd2 Rac8 21. Nh5 Red8 22. g4 Ne7 23. g5 hxg5 24. Nxg5 Ng6 25. Re3 Qb6 26. Rh3 Kf8 27. Nxg7 Be8 28. Nh7+ Ke7 29. Qg5+ f6 30. Qxf6+ Kd7 31. Rhc3 Rxc3 32. Rxc3 Rb8 33. Nxe8 Rxe8 34. Qxg6 Kd8 35. Rc8+ Kxc8 36. Qxe8+ Kc7 37. Qe7+ Kc8 38. Qc5+ Qxc5 39. dxc5 Kd7 40. Nf6+ Kc6 41. h4 d4 42. h5 d3 43. Kf1 Kxc5 44. h6 Kd4 45. Ke1 Kxe5 46. h7 1-0

[Event "2nd German Women BLS 2024-25"]
[Site "Germany"]
[Date "2025.01.26"]
[Round "4.8"]
[White "Birkholz, Olga"]
[Black "Mueller, Riyanna"]
[Result "0-1"]
[Annotator "NA RC"]
[ECO "D08"]
[WhiteElo "2018"]
[BlackElo "1975"]
[PlyCount "116"]
[EventDate "2025.01.22"]
[EventType "team-tourn"]
[EventCountry "GER"]
[SourceTitle "playchess.com"]
[Source "ChessBase"]
[SourceQuality "1"]
[TimeControl "40/5400+30:1800+30"]

1. d4 d5 2. c4 e5 3. dxe5 Ne7 4. Nf3 Nbc6 5. cxd5 Qxd5 6. Qxd5 Nxd5 7. e4 Ndb4 8. Na3 Bg4 9. Bb5 O-O-O 10. Bg5 Be7 11. Bxe7 Nxe7 12. Ng5 Bh5 13. O-O h6 14. Nh3 a6 15. Nf4 Bg4 16. f3 Bxf3 17. Rxf3 axb5 18. Nxb5 Nec6 19. Rc3 Rhe8 20. e6 fxe6 21. a3 Na6 22. Kf2 Rd2+ 23. Ke3 Rxb2 24. a4 g5 25. Ne2 Rd8 26. Rf1 Ne5 27. h3 Rdd2 28. Rf2 Kd7 29. Nbd4 Ke7 30. Nf3 Nxf3 31. gxf3 Rdc2 32. Rxc2 Rxc2 33. h4 Rc4 34. hxg5 hxg5 35. Rg2 Kf6 36. e5+ Kxe5 37. Rxg5+ Kd6 38. Nd4 Rxa4 39. Rb5 Nc5 40. Rb2 c6 41. f4 Ra3+ 42. Ke2 b5 43. f5 e5 44. Nf3 Ne4 45. Rb4 Kd5 46. Nd2 Nxd2 47. Kxd2 Rf3 48. f6 Rxf6 49. Ke3 Rf4 50. Rb2 b4 51. Rb1 c5 52. Rb2 Kc4 53. Rc2+ Kb5 54. Rb2 c4 55. Rh2 Rd4 56. Rh5 Rd5 57. Ke4 Rc5 58. Rh8 c3 0-1

[Event "2nd German Women BLS 2024-25"]
[Site "Germany"]
[Date "2025.01.26"]
[Round "4.9"]
[White "Lukas, Anne"]
[Black "Albayrak, Nese Pinar"]
[Result "1-0"]
[Annotator "NA RC"]
[ECO "D02"]
[WhiteElo "2016"]
[BlackElo "1871"]
[PlyCount "57"]
[EventDate "2025.01.22"]
[EventType "team-tourn"]
[EventCountry "GER"]
[SourceTitle "playchess.com"]
[Source "ChessBase"]
[SourceQuality "1"]
[TimeControl "40/5400+30:1800+30"]

1. Nf3 Nf6 2. g3 g6 3. Bg2 Bg7 4. O-O d5 5. d4 O-O 6. h3 c6 7. c4 Nbd7 8. Nc3 Re8 9. cxd5 cxd5 10. Ne5 Nxe5 11. dxe5 Nd7 12. f4 Qb6+ 13. Kh2 e6 14. e4 f6 15. exd5 fxe5 16. dxe6 Nc5 17. e7 exf4 18. Nd5 fxg3+ 19. Kh1 Qa5 20. b4 Qa4 21. Bh6 Qxd1 22. Raxd1 Ne6 23. Nf6+ Bxf6 24. Rxf6 Rb8 25. Rd8 Bd7 26. Rxd7 Ng7 27. Rf8+ Rxf8 28. exf8=Q+ Kxf8 29. Rxg7 1-0

[Event "2nd German Women BLS 2024-25"]
[Site "Germany"]
[Date "2025.01.26"]
[Round "4.10"]
[White "Albayrak, Berrak"]
[Black "Mueller, Manon"]
[Result "1-0"]
[Annotator "NA RC"]
[ECO "A06"]
[WhiteElo "1843"]
[BlackElo "1881"]
[PlyCount "79"]
[EventDate "2025.01.22"]
[EventType "team-tourn"]
[EventCountry "GER"]
[SourceTitle "playchess.com"]
[Source "ChessBase"]
[SourceQuality "1"]
[TimeControl "40/5400+30:1800+30"]

1. Nf3 d5 2. d3 Nf6 3. g3 c5 4. Bg2 Nc6 5. O-O e6 6. Nbd2 Be7 7. e4 dxe4 8. dxe4 O-O 9. b3 Qc7 10. Bb2 Rd8 11. Qe2 a6 12. e5 Ng4 13. h3 Nh6 14. g4 Rb8 15. Ne4 Nd4 16. Nxd4 cxd4 17. f4 b5 18. Qd3 Bb7 19. Ng5 g6 20. Bxb7 Rxb7 21. Ne4 Rb6 22. Bxd4 Rc6 23. Rf2 Bc5 24. Nxc5 Rxc5 25. Qe3 Rcd5 26. Bb6 Rd1+ 27. Kh2 Qb7 28. Rxd1 Rxd1 29. Rg2 Kg7 30. Bd4 Qd7 31. c3 Qe7 32. Qe2 Rb1 33. Qc2 Rf1 34. Qd3 Re1 35. Bf2 Rc1 36. Be3 Re1 37. Qd2 Rf1 38. f5 Qh4 39. f6+ Kh8 40. Bxh6 1-0

[Event "2nd German Women BLS 2024-25"]
[Site "Germany"]
[Date "2025.01.26"]
[Round "4.11"]
[White "Tampe, Friederike"]
[Black "Braeuer, Vanessa"]
[Result "0-1"]
[Annotator "NA RC"]
[ECO "B24"]
[WhiteElo "1767"]
[BlackElo "1935"]
[PlyCount "54"]
[EventDate "2025.01.22"]
[EventType "team-tourn"]
[EventCountry "GER"]
[SourceTitle "playchess.com"]
[Source "ChessBase"]
[SourceQuality "1"]
[TimeControl "40/5400+30:1800+30"]

1. e4 c5 2. Nc3 Nc6 3. g3 d6 4. Bg2 Nf6 5. Nge2 h5 6. d3 h4 7. gxh4 Rxh4 8. Ng3 Bg4 9. f3 Bh3 10. Bxh3 Rxh3 11. Qe2 Nd4 12. Qg2 Qd7 13. Be3 O-O-O 14. O-O-O g6 15. f4 Rh7 16. Rhf1 Ng4 17. Bg1 Bg7 18. f5 Rdh8 19. Nge2 Nxh2 20. fxg6 fxg6 21. Bxh2 Rxh2 22. Qxg6 Bh6+ 23. Nf4 e5 24. Kb1 Bxf4 25. Nd5 Rxc2 26. Nxf4 exf4 27. Rxf4 Rhh2 0-1

[Event "2nd German Women BLS 2024-25"]
[Site "Germany"]
[Date "2025.01.26"]
[Round "4.12"]
[White "Albayrak, Aylin"]
[Black "Schardt, Madeleine"]
[Result "1-0"]
[Annotator "NA RC"]
[ECO "D44"]
[WhiteElo "1750"]
[BlackElo "1754"]
[PlyCount "115"]
[EventDate "2025.01.22"]
[EventType "team-tourn"]
[EventCountry "GER"]
[SourceTitle "playchess.com"]
[Source "ChessBase"]
[SourceQuality "1"]
[TimeControl "40/5400+30:1800+30"]

1. d4 d5 2. c4 c6 3. Nc3 e6 4. Nf3 Nf6 5. Bg5 dxc4 6. Bxf6 Qxf6 7. e4 b5 8. a4 Bb4 9. Be2 Bb7 10. O-O Bxc3 11. bxc3 Nd7 12. Re1 O-O 13. Rb1 a6 14. Bxc4 Rfd8 15. axb5 cxb5 16. Bd3 Rac8 17. Qd2 Nb6 18. Ng5 Nc4 19. Qc1 Qg6 20. Nh3 e5 21. d5 Bxd5 22. f4 exf4 23. Nxf4 Qb6+ 24. Kh1 Be6 25. Nd5 Qb7 26. Nf4 Ne5 27. Bf1 Bc4 28. Qe3 Ng6 29. Bxc4 Rxc4 30. Nd5 h6 31. Rbd1 Re8 32. Qf3 Ne7 33. Nf4 Qc7 34. Re3 Qe5 35. Rf1 Qf6 36. Qe2 Qg5 37. Rg3 Qc5 38. Nh5 Ng6 39. Qf3 Rf8 40. e5 Qe7 41. Qf5 Rc5 42. Re1 Re8 43. Rge3 Rxe5 44. Rxe5 Nxe5 45. h3 f6 46. Nf4 Qf7 47. Rd1 g6 48. Qc2 Kg7 49. Rd6 a5 50. Qf2 Re7 51. Nd5 Re6 52. Rd8 Nd3 53. Qd4 Ne5 54. Ra8 Nc6 55. Qc5 Re5 56. Qxc6 Rxd5 57. Rxa5 Qe7 58. Qxd5 1-0